 Dungeon Crawl Stone Soup version 0.30.0-5-g1a98f26d00 (webtiles) character file.

Game seed: 10403024704220660442

9390 Leibowitz the Severer (level 11, -7/97 HPs)
             Began as a Minotaur Gladiator on May 11, 2023.
             Was a High Priest of Okawaru.
             Mangled by Snorg (9 damage)
             ... on level 10 of the Dungeon.
             The game lasted 00:24:23 (8720 turns).

Leibowitz the Severer (Minotaur Gladiator)          Turns: 8720, Time: 00:24:24

Health: -7/97      AC: 18    Str: 35    XL:     11   Next: 22%
Magic:  10/10      EV: 11    Int:  5    God:    Okawaru [*****.]
Gold:   620        SH:  0    Dex: 12    Spells: 10/10 levels left

rFire   . . .        P - +3 broad axe (heavy)
rCold   . . .        (no shield)
rNeg    . . .        q - +0 plate armour
rPois   .            c - +0 hat
rElec   .            v - scarf {shadows}
rCorr   .            y - +0 pair of gloves
SInv    .            a - +1 pair of boots
Will    .....        g - amulet of the acrobat Stlth
                     j - +6 ring of strength
HPRegen 0.36/turn    E - +6 ring of strength
MPRegen 0.12/turn

%: acrobat
@: no status effects
A: horns 2, retaliatory headbutt
a: Renounce Religion, Heroism, Finesse, Duel


You were on level 10 of the Dungeon.
You worshipped Okawaru.
Okawaru was extremely pleased with you.
You visited 2 branches of the dungeon, and saw 11 of its levels.

You collected 620 gold pieces.

Inventory:

Hand Weapons
 e - a +4 battleaxe
 P - a +3 heavy broad axe (weapon)
Missiles
 d - 3 throwing nets
 F - a curare-tipped dart (quivered)
Armour
 a - a +1 pair of boots (worn)
 c - a +0 hat (worn)
 q - a +0 plate armour (worn)
 v - a scarf of shadows (worn)
 y - a +0 pair of gloves (worn)
Jewellery
 b - a ring of flight
 g - an amulet of the acrobat (around neck)
 j - a +6 ring of strength (left hand)
 w - a ring of protection from cold
 E - a +6 ring of strength (right hand)
Wands
 u - a wand of iceblast (23)
 L - a wand of mindburst (10)
 N - a wand of digging (5)
Scrolls
 f - 5 scrolls of enchant armour {unknown}
 h - 2 scrolls of silence {unknown}
 i - 2 scrolls of blinking {unknown}
 k - 4 scrolls of fear {unknown}
 l - 4 scrolls of teleportation {unknown}
 t - 9 scrolls of identify {unknown}
 z - 5 scrolls of fog {unknown}
 A - 2 scrolls of vulnerability {unknown}
 B - 2 scrolls of noise {unknown}
 D - 2 scrolls of enchant weapon {unknown}
 H - 2 scrolls of magic mapping {unknown}
 J - 2 scrolls of amnesia {unknown}
 O - 2 scrolls of immolation {unknown}
Potions
 m - 4 potions of curing {unknown}
 n - a potion of brilliance {unknown}
 o - 3 potions of flight {unknown}
 p - 7 potions of heal wounds {unknown}
 r - 2 potions of lignification {unknown}
 s - 2 potions of invisibility {unknown}
 x - a potion of berserk rage {unknown}
 C - 4 potions of mutation {unknown}
 G - a potion of resistance {unknown}
 K - 2 potions of might
 M - a potion of magic {unknown}


   Skills:
 * Level 9.3 Fighting
 * Level 15.1 Axes
 - Level 2.0 Throwing
 * Level 9.2 Armour
 * Level 7.6 Dodging


You had 10 spell levels left.
You didn't know any spells.
Your spell library contained the following spells:

 Spells                   Type           Power      Damage    Failure   Level
 Beastly Appendage        Tmut           0%         N/A       97%         1
 Magic Dart               Conj           0%         1d3       97%         1
 Sandblast                Erth           0%         2d4       97%         1
 Slow                     Hex            0%         N/A       97%         1
 Passwall                 Tmut/Erth      0%         N/A       99%         2
 Static Discharge         Conj/Air       0%         2-2/arc   99%         2
 Wereblood                Tmut           0%         N/A       99%         2
 Confusing Touch          Hex            0%         N/A       100%        3
 Frozen Ramparts          Ice            0%         1d1       100%        3
 Mephitic Cloud           Conj/Pois/Air  0%         N/A       100%        3
 Spider Form              Tmut/Pois      0%         N/A       100%        3
 Stone Arrow              Conj/Erth      0%         3d7       100%        3
 Vampiric Draining        Necr           0%         2d6       100%        3
 Vhi's Electric Charge    Tloc/Air       0%         N/A       100%        3
 Airstrike                Air            0%         2d(0-16)  100%        4
 Ice Form                 Ice/Tmut       0%         N/A       100%        4
 Passage of Golubria      Tloc           0%         N/A       100%        4
 Arcjolt                  Conj/Air       0%         1d10      100%        5
 Iskenderun's Battlesphe  Conj           0%         2d6       100%        5
 Silence                  Hex/Air        0%         N/A       100%        5
 Iron Shot                Conj/Erth      0%         9d1       100%        6
 Lehudib's Crystal Spear  Conj/Erth      0%         10d2      100%        8
 Maxwell's Capacitive Co  Air            0%         ∞         100%        8
 Call Imp                 Summ           Unusable   N/A       N/A         2
 Summon Ice Beast         Ice/Summ       Unusable   N/A       N/A         4
 Summon Lightning Spire   Summ/Air       Unusable   N/A       N/A         4
 Spellforged Servitor     Conj/Summ      Unusable   N/A       N/A         7

Dungeon Overview and Level Annotations

Branches:
Dungeon (10/15)            Temple (1/1) D:4            Lair (0/5) D:9
    Orc (0/2) D:9

Altars:
Ashenzari
Cheibriados
Dithmenos
Elyvilon
Fedhas
Gozag
Hepliaklqana
Makhleb
Nemelex Xobeh
Okawaru
Qazlal
Trog
Uskayaw
Vehumet
Wu Jian
Xom
Yredelemnul
The Shining One

Shops:
D:8 =

Annotations:
D:10 Snorg


Innate Abilities, Weirdness & Mutations

You have a pair of horns on your head.
You reflexively headbutt those who attack you in melee.


Message History

You drop a +0 pair of boots.
You see here a +1 rapier of electrocution.
b - a ring of flight You open the door.
Found a whip.
There is an open door here.
There is an open door here.
Found a scale mail.
Snorg the Insatiable comes into view.
Snorg shouts!
You closely miss Snorg. You headbutt Snorg.
Snorg is lightly wounded.
Snorg closely misses you. You furiously retaliate!
You headbutt Snorg. Snorg claws you but does no damage. x2
You slice Snorg!!
Snorg is moderately wounded.
Snorg goes berserk!
You closely miss Snorg.
Snorg is moderately wounded.
Snorg bites you but does no damage. Snorg closely misses you. Snorg claws you.
Snorg barely misses you. You furiously retaliate!
You headbutt Snorg! Snorg closely misses you. Snorg barely misses you.
You carve Snorg like a ham!!! Your headbutt misses Snorg.
Snorg is severely wounded.
Snorg bites you! Snorg barely misses you. Snorg claws you but does no damage.
Snorg bites you! Snorg claws you but does no damage. Snorg claws you.
You slice Snorg!!
Snorg is almost dead.
Snorg misses you. You furiously retaliate!
You headbutt Snorg!! Snorg claws you! x2; Snorg bites you!
* * * LOW HITPOINT WARNING * * *
Snorg claws you!
* * * LOW HITPOINT WARNING * * *
Snorg closely misses you.
You barely miss Snorg. You punch Snorg, but do no damage.
Snorg is almost dead.
Snorg bites you but does no damage. Snorg claws you!
* * * LOW HITPOINT WARNING * * *
Snorg claws you!
You die...

+##.......#######.
#...............
#...#########...
#...#.......#...
#...#......##...
########...#......#....
...........#......##...
...........'.......#...
.....T@....#...)...#...
...........###.....#...
#..[.........#.....#)..
#............#.....#...
#............#.....#...
#............#######...
.......................
...................
###################


You could see Snorg (berserk).

Vanquished Creatures
  Gastronok (D:8)
  A two-headed ogre (D:8)
  A rime drake (D:9)
  A troll (D:9)
  2 hornets
  Prince Ribbit (D:5)
  6 yaks (D:9)
  Edmund (D:6)
  An acid dragon (D:9)
  2 water moccasins
  A sky beast (D:6)
  A black bear (D:6)
  3 orc warriors
  A swamp drake (D:9)
  7 ice beasts
  An ogre (D:9)
  7 centaurs
  4 wolves (D:9)
  2 kobold brigands
  2 bullfrogs (D:6)
  2 gnoll sergeants
  A scorpion (D:6)
  11 wights
  19 killer bees
  3 jellies
  6 orc priests
  2 gnoll boudas
  6 hounds
  An iron imp (D:5)
  4 iguanas
  2 sleepcaps
  Ijyb (D:5)
  5 orc wizards
  19 gnolls
  7 adders
  2 shadow imps
  5 white imps
  An ufetubus (D:5)
  A worm (D:3)
  2 dart slugs
  29 orcs
  9 endoplasms
  5 giant cockroaches
  7 goblins
  7 hobgoblins
  10 jackals
  18 kobolds
  3 quokkas
  10 ball pythons
  5 bats
  4 frilled lizards
  A goblin skeleton (D:5)
  3 goblin zombies (D:5)
  2 hobgoblin zombies (D:5)
  A kobold skeleton (D:5)
  4 orc skeletons (D:5)
  2 orc zombies (D:5)
  4 rats
270 creatures vanquished.

Vanquished Creatures (others)
  An orc wizard (D:9)
  A jackal (D:3)
2 creatures vanquished.

Grand Total: 272 creatures vanquished

Notes
Turn   | Place    | Note
-------+----------+-------------------------------------------
     0 | D:1      | Leibowitz the Minotaur Gladiator began the quest for the
                  | Orb.
     0 | D:1      | Reached XP level 1. HP: 18/18 MP: 0/0
    45 | D:1      | Reached skill level 4 in Axes
    45 | D:1      | Reached XP level 2. HP: 25/25 MP: 1/1
   420 | D:1      | Reached XP level 3. HP: 30/30 MP: 2/2
   534 | D:1      | Reached skill level 1 in Armour
  1056 | D:2      | Found a shimmering altar of Xom.
  1116 | D:2      | Reached XP level 4. HP: 36/38 MP: 3/3
  1654 | D:3      | Found a shimmering altar of Xom.
  1837 | D:3      | Found a radiant altar of Vehumet.
  1940 | D:3      | Found a shimmering altar of Xom.
  1940 | D:3      | Found a shimmering altar of Xom.
  1945 | D:3      | Found a shimmering altar of Xom.
  1945 | D:3      | Found a shimmering altar of Xom.
  1945 | D:3      | Found a shimmering altar of Xom.
  1946 | D:3      | Found a shimmering altar of Xom.
  2383 | D:4      | Reached skill level 5 in Axes
  2384 | D:4      | Found a burning altar of Makhleb.
  2494 | D:4      | Reached XP level 5. HP: 31/45 MP: 4/4
  2595 | D:4      | Found a staircase to the Ecumenical Temple.
  2604 | Temple   | Entered the Ecumenical Temple
  2667 | Temple   | Became a worshipper of Warmaster Okawaru
  3567 | D:5      | Entered Level 5 of the Dungeon
  3583 | D:5      | Reached skill level 6 in Axes
  3583 | D:5      | Reached XP level 6. HP: 51/52 MP: 5/5
  3689 | D:5      | Reached * piety under Okawaru
  3806 | D:5      | Noticed an ice beast
  3812 | D:5      | Killed an ice beast
  3813 | D:5      | Reached XP level 7. HP: 52/59 MP: 6/6
  3847 | D:5      | Noticed Prince Ribbit
  3852 | D:5      | Killed Prince Ribbit
  3853 | D:5      | Reached skill level 7 in Axes
  3940 | D:5      | Reached skill level 5 in Armour
  3969 | D:5      | Reached skill level 5 in Dodging
  3973 | D:5      | Found a glowing golden altar of the Shining One.
  3976 | D:5      | Noticed Ijyb
  3981 | D:5      | Reached skill level 8 in Axes
  3988 | D:5      | Killed Ijyb
  4203 | D:5      | Reached ** piety under Okawaru
  4204 | D:5      | Reached XP level 8. HP: 62/67 MP: 7/7
  4451 | D:6      | Reached skill level 5 in Fighting
  4460 | D:6      | Reached skill level 9 in Axes
  4667 | D:6      | Reached skill level 10 in Axes
  4688 | D:6      | Reached *** piety under Okawaru
  4995 | D:6      | Noticed Edmund
  5006 | D:6      | Killed Edmund
  5007 | D:6      | Reached XP level 9. HP: 53/75 MP: 8/8
  5365 | D:6      | Reached skill level 11 in Axes
  5612 | D:7      | You fall into a shaft and drop 2 floors!
  5718 | D:9      | Reached skill level 12 in Axes
  5966 | D:9      | Reached **** piety under Okawaru
  6217 | D:9      | Found a blossoming altar of Fedhas.
  6345 | D:9      | Received a gift from Okawaru
  6350 | D:9      | Reached XP level 10. HP: 81/86 MP: 9/9
  6398 | D:9      | Reached skill level 13 in Axes
  6439 | D:8      | Noticed Gastronok
  6645 | D:8      | Killed Gastronok
  6645 | D:8      | Reached ***** piety under Okawaru
  6777 | D:8      | Found a stormy altar of Qazlal.
  7089 | D:7      | Found a basalt altar of Yredelemnul.
  7551 | D:8      | Reached skill level 14 in Axes
  7609 | D:8      | Noticed a two-headed ogre
  7615 | D:8      | Killed a two-headed ogre
  7740 | D:8      | Found a bloodstained altar of Trog.
  7743 | D:8      | Found a hide-covered altar of Uskayaw.
  7894 | D:8      | Found Teleoney's Jewellery Shop.
  8076 | D:9      | Received a gift from Okawaru
  8080 | D:9      | Reached XP level 11. HP: 62/95 MP: 10/10
  8094 | D:9      | Reached skill level 15 in Axes
  8094 | D:9      | Found a staircase to the Lair.
  8283 | D:9      | Found a staircase to the Orcish Mines.
  8585 | D:10     | Entered Level 10 of the Dungeon
  8712 | D:10     | Noticed Snorg
  8720 | D:10     | HP: 2/97 [Snorg (16)]
  8720 | D:10     | Mangled by Snorg

Illustrated notes

Levels and vault maps discovered:
D:1:      amcnicky_arrival_wind_blow, layout_basic, minmay_misc_feat_roman,
          roderic_roman_lattice
D:2:      layout_basic, basic_altar, minmay_hexomino_u4
D:3:      layout_loops_ring, xom_redecorated, fiery_altar_vehumet,
          dk_vineyard_1, minmay_liquid_box
D:4:      layout_basic, marbit_many_paths, minmay_temple_entry_offerings,
          chequers_big_river
D:5:      layout_cave_pools, nicolae_tso_besieged_by_evil, uniq_ijyb,
          uniq_prince_ribbit1
D:6:      layout_loops_ring, st_stairs_11, minmay_crystal_room,
          serial_bayou_crossing, uniq_edmund
D:7:      nicolae_BIG_FREAKIN_CUBE, layout_basic,
          mainiacjoe_overflow_small_starburst
D:8:      layout_basic, lemuel_tele_altar, grunt_temple_overflow_open,
          serial_shops, nicolae_shop_gaudy_bauble, nicolae_two_hexagons,
          uniq_gastronok
D:9:      layout_rooms, fedhas_altar_1, hellmonk_lair_entry_icy, erik_orc_1,
          hex_intersection
D:10:     layout_irregular_city, kennysheep_orc_sif_temple,
          kiku_gazebo_garden_becter, lemuel_crystal_altar,
          minmay_misc_feat_encased, uniq_lodul, uniq_snorg
Temple:   nicolae_temple_bog_church

Skill      XL: |  1  2  3  4  5  6  7  8  9 10 11 |
---------------+----------------------------------+-----
Axes           | 4 5 6 8 10 12 14 15 | 15.1
Armour         | 1 2 3 4 5 6 7 9 |  9.2
Dodging        | 4 5 6 7 |  7.6
Fighting       | 3 4 6 7 8 9 |  9.3
Throwing       | |  2.0

Action                     |  1- 3 |  4- 6 |  7- 9 | 10-12 || total
---------------------------+-------+-------+-------+-------++-------
  Melee: War axe           |    73 |   112 |   105 |       ||   290
         Headbutt          |     8 |    13 |    29 |    23 ||    73
         Punch             |     1 |     1 |     1 |     1 ||     4
         Battleaxe         |       |       |    99 |    96 ||   195
         Broad axe         |       |       |       |    28 ||    28
  Throw: Dart              |       |       |       |     1 ||     1
 Armour: Leather armour    |     6 |       |       |       ||     6
         Ring mail         |     5 |       |       |       ||     5
         Chain mail        |     8 |       |       |       ||     8
         Plate armour      |     4 |    60 |   137 |    50 ||   251
  Dodge: Dodged            |    67 |    68 |   179 |    83 ||   397
